Map: Winter's Gate LE

Players

MeepMeep

  • Race: Terran Terran
  • League: Platinum
  • Spawn Location: 11:00

pHARM - Winner!

  • Race: Zerg Zerg
  • League: Platinum
  • Spawn Location: 5:00

VOD

Have the link to the VOD?

Description

Time

  • Played on: Aug. 26, 2019, 3:48 p.m.
  • Length: 17:11
Show
View Real Time Build Order
Export as new Build Order

MeepMeep Terran 

Build Orders: Hellion Opening 

Get SALT Encoding   

  12  0:02  SCV  
  13  0:14  SCV  
  14  0:18  Supply Depot  
  14  0:26  SCV  
  15  0:39  SCV  
  16  0:43  Barracks  
  16  0:52  SCV  
  17  0:57  Refinery  
  17  1:04  SCV  
  18  1:16  SCV  
  19  1:30  Marine  
  19  1:32  Supply Depot  
  20  1:33  Orbital Command  
  20  1:51  Marine  
  21  1:59  Factory  
  21  2:09  Command Center  
  21  2:16  Barracks Reactor  
  21  2:21  SCV  
  22  2:33  SCV  
  23  2:45  SCV  
  24  2:59  Hellion x2  
  24  3:05  Refinery  
  28  3:06  Barracks Tech Lab  
  28  3:09  SCV  
  29  3:20  Command Center, Hellion  
  29  3:21  Hellion  
  29  3:23  Orbital Command  
  33  3:31  Stimpack  
  33  3:35  Marine  
  33  3:40  Barracks  
  34  3:43  Barracks  
  34  3:51  Hellion x2  
  38  4:02  Orbital Command  
  38  4:06  Bunker  
  38  4:13  SCV  
  39  4:21  Marine, Starport  
  40  4:25  SCV  
  40  4:29  SCV, Barracks Reactor  
  42  4:38  SCV  
  43  4:43  Supply Depot  
  43  4:44  Barracks Reactor  
  43  4:46  Orbital Command  
  45  5:07  Widow Mine  
  45  5:08  Marine x3, Widow Mine  
  45  5:09  Starport Reactor  
  45  5:11  SCV x2  
  52  5:14  Engineering Bay  
  52  5:16  Engineering Bay  
  52  5:17  SCV  
  53  5:22  Supply Depot  
  53  5:23  SCV  
  54  5:29  SCV x2  
  56  5:35  SCV  
  56  5:36  Marine x4  
  56  5:37  Marine  
  56  5:41  SCV x2  
  64  5:52  Medivac x2  
  68  5:58  Widow Mine x2  
  68  5:59  Combat Shield  
  68  6:01  Marine x5  
  77  6:16  Terran Infantry Armor Level 1, Terran Infantry Weapons Level 1  
  77  6:20  Refinery  
  77  6:21  Refinery  
  77  6:35  Supply Depot, Missile Turret  
  77  6:37  Supply Depot  
  77  6:42  Supply Depot  
  77  6:56  Marine x5, SCV x3  
  77  6:59  Armory  
  85  7:08  SCV x2  
  85  7:09  Barracks  
  85  7:10  Barracks  
  85  7:11  Barracks  
  85  7:14  Marine x3  
  85  7:15  Barracks  
  90  7:18  Supply Depot  
  90  7:19  Marine x2  
  92  7:32  Marine  
  93  7:37  Marine x4  
  93  7:38  Medivac x2  
  93  7:40  Widow Mine x2  
  105  7:49  Marine  
  106  7:55  Marine, Factory  
  106  7:56  Supply Depot  
  107  8:08  Marine x2  
  107  8:09  Barracks Reactor x2  
  107  8:10  Barracks Reactor, Barracks Tech Lab  
  109  8:14  Terran Infantry Weapons Level 2  
  109  8:18  Medivac  
  111  8:22  Orbital Command  
  112  8:34  Widow Mine x2  
  112  8:40  Marine x4  
  116  8:44  SCV  
  117  9:08  Factory Tech Lab  
  117  9:12  Terran Infantry Armor Level 2  
  117  9:13  Marine x5, SCV, Terran Vehicle Weapons Level 1  
  117  9:14  Marauder  
  125  9:43  Marine  
  125  9:44  Marine  
  125  9:46  Marine  
  125  10:02  Supply Depot  
  125  10:03  Supply Depot  
  125  10:05  Supply Depot  
  125  10:06  Supply Depot x2  
  125  10:23  Marine  
  125  10:24  Marine x2, Siege Tank, SCV x2, Marauder  
  125  10:25  SCV, Marauder, Widow Mine  
  125  10:26  Widow Mine  
  142  10:36  SCV x2  
  142  10:37  Marine x7, SCV  
  142  10:38  Medivac x2  
  142  10:41  Marine  
  142  10:42  Concussive Shells  
  157  10:45  Marauder  
  157  10:46  Marauder  
  157  10:48  SCV x2  
  157  10:49  Marine, SCV  
  165  10:57  Terran Infantry Weapons Level 3  
  165  10:58  Armory  
  165  11:05  Supply Depot  
  165  11:06  Supply Depot x2  
  165  11:07  Supply Depot x2  
  165  11:09  Refinery  
  165  11:10  Supply Depot, Refinery  
  165  11:16  Starport  
  165  11:17  Terran Vehicle Weapons Level 2, Starport  
  165  11:19  Starport  
  165  11:26  Marine x2, Siege Tank, SCV x3  
  165  11:27  Marauder  
  175  11:35  Medivac x2  
  175  11:38  SCV x3  
  156  12:05  Marine x4, Medivac x2  
  156  12:06  Starport Tech Lab x3  
  164  12:10  Siege Tank  
  164  12:11  Widow Mine x2  
  171  12:20  Missile Turret  
  171  12:26  SCV x3  
  171  12:28  Marine x5  
  179  12:32  Command Center  
  179  12:38  SCV x3  
  182  12:50  SCV x2  
  184  13:11  Marine  
  184  13:12  Marine x5  
  190  13:18  Fusion Core  
  190  13:21  Terran Ship Weapons Level 1  
  190  13:34  Barracks  
  190  13:37  Barracks  
  190  13:39  Supply Depot  
  190  13:40  Supply Depot  
  190  13:45  SCV x3  
  193  13:56  Marine x3  
  193  13:57  Marine, SCV x3  
  188  14:19  Marine x4  
  188  14:20  Marauder  
  188  14:21  Marauder  
  194  14:37  Marine  
  194  14:38  Marine x7  
  200  14:46  Planetary Fortress  
  192  14:53  Marine  
  192  14:54  Battlecruiser  
  192  14:57  Refinery  
  192  14:58  Refinery  
  199  15:11  Weapon Refit  
  199  15:16  Terran Vehicle And Ship Armor Level 1  
  195  15:27  Siege Tank  
  120  15:44  Marine x9  
  95  15:51  Battlecruiser x2  
  72  15:58  Battlecruiser  
  72  15:59  Siege Tank  
  72  16:00  Marine x4  
  63  16:11  Marauder  
  51  16:18  Marauder  
  43  16:31  Siege Tank  
  41  16:33  Marauder  
Show
View Real Time Build Order
Export as new Build Order

pHARM Zerg - Winner!

Build Orders: Hatch First 

Get SALT Encoding   

  12  0:01  Drone  
  13  0:13  Overlord  
  13  0:18  Drone  
  14  0:31  Drone x2  
  16  0:41  Drone  
  17  0:55  Hatchery  
  16  1:00  Drone x2  
  18  1:09  Drone  
  19  1:19  Drone  
  19  1:24  Spawning Pool  
  19  1:35  Drone  
  20  1:49  Extractor  
  20  1:53  Drone x2  
  21  2:01  Overlord  
  21  2:12  Drone x2  
  23  2:31  Spine Crawler  
  23  2:34  Drone x4  
  26  2:37  Queen x2  
  26  2:40  Drone  
  31  2:46  Overlord  
  31  3:01  Metabolic Boost  
  31  3:05  Drone x3  
  34  3:19  Queen  
  36  3:23  Queen  
  38  3:27  Drone  
  38  3:28  Drone x3  
  42  3:37  Drone x2  
  44  3:52  Extractor  
  44  3:54  Extractor, Drone  
  43  4:01  Pneumatized Carapace  
  43  4:04  Lair  
  43  4:43  Evolution Chamber  
  43  4:44  Roach Warren  
  41  4:48  Evolution Chamber  
  40  5:12  Infestation Pit  
  40  5:13  Drone x5  
  44  5:15  Overlord x10  
  44  5:16  Overlord  
  44  5:18  Zerg Missile Weapons Level 1  
  44  5:21  Zerg Ground Armor Level 1  
  44  5:23  Glial Reconstitution  
  44  5:33  Queen x2  
  48  5:41  Spine Crawler  
  47  5:45  Spore Crawler  
  46  6:08  Queen  
  48  6:13  Baneling Nest  
  47  6:29  Hatchery  
  47  6:31  Drone x3  
  47  6:32  Drone x2  
  51  6:33  Roach x3  
  57  6:46  Roach x8  
  73  6:56  Roach  
  75  7:11  Roach x3  
  81  7:16  Queen x2  
  81  7:20  Roach x4  
  81  7:22  Zerg Missile Weapons Level 2, Zerg Ground Armor Level 2  
  93  7:37  Centrifical Hooks  
  93  7:40  Zergling x12  
  99  7:54  Zergling x12  
  105  8:01  Baneling x3  
  105  8:02  Baneling x9  
  105  8:23  Overlord x9  
  101  8:49  Drone x12  
  113  9:10  Overseer  
  113  9:18  Drone x11  
  113  9:21  Extractor  
  113  9:22  Extractor  
  122  9:33  Hive  
  122  9:42  Spire  
  118  10:05  Extractor  
  117  10:27  Zergling x18  
  117  10:28  Zergling x16  
  134  10:42  Zerg Melee Weapons Level 1  
  134  11:11  Greater Spire  
  134  11:18  Adrenal Glands  
  134  11:19  Zergling x8  
  134  11:20  Zergling x22  
  134  11:21  Ultralisk Cavern  
  134  11:25  Baneling x6  
  148  11:26  Baneling x19  
  133  12:07  Chitinous Plating  
  133  12:10  Ultralisk x4  
  133  12:11  Zergling x2  
  133  12:12  Overlord x4, Zergling x8  
  162  12:36  Hatchery  
  160  12:45  Hatchery  
  160  12:46  Hatchery  
  158  13:07  Zerg Flyer Armor Level 1  
  158  13:26  Anabolic Synthesis  
  158  13:31  Ultralisk x4  
  158  13:32  Zergling x2  
  158  13:33  Overlord x7, Zergling x20  
  193  13:49  Overseer x4  
  183  14:24  Corruptor x8  
  196  14:48  Zerg Melee Weapons Level 2  
  196  15:04  Drone  
  196  15:05  Drone x3  
  161  15:50  Ultralisk  
  161  15:51  Ultralisk x3  
  161  15:52  Zergling x22  
  161  15:53  Zergling x26  
  173  16:20  Corruptor x3  
  173  16:21  Corruptor x3  
  179  16:26  Queen x2  
  179  16:27  Queen x3  
Tags
 
Add a new tag
Caveats
  • Supply blocks, unpowered buildings, or Contaminate may cause inaccurate times.
  • Supply counts are checked every 10 seconds.